 Dungeon Crawl Stone Soup version 0.31.0-1-g2c135a008e (webtiles) character file.

Game seed: 14790206366228114802

7 Eitelfritz the Ruffian (level 1, 0/18 HPs)
             Began as a Troll Shapeshifter on Jan 20, 2024.
             Succumbed to a goblin's poison
             ... on level 1 of the Dungeon.
             The game lasted 00:00:39 (221 turns).

Eitelfritz the Ruffian (Troll Shapeshifter)          Turns: 221, Time: 00:00:39

Health: 0/18       AC:  4    Str: 21    XL:     1   Next: 83%
Magic:  0/0        EV:  9    Int:  6    God:
Gold:   40         SH:  0    Dex:  9    Spells: 0/0 levels left

rFire   . .          .
                       - Unarmed
rCold   . . .        (no shield)
rNeg    . . .        a - +0 animal skin
rPois   .            (helmet currently unavailable)
rElec   .            (cloak currently unavailable)
rCorr   .            (gloves unavailable)
SInv    .            (boots unavailable)
Will    .....        (no amulet)
Stlth   +            (no ring)
HPRegen 1.03/turn    (no ring)
MPRegen 0.07/turn

%: no passive effects
@: lethally poisoned (0 -> -4), beast-form
A: beast (slay +1), large, unfitting armour, claws 3, regeneration 1, shaggy fur
1, tough skin 1
a: Begin Untransformation


You were on level 1 of the Dungeon.
You were a hulking beast.
You visited 1 branch of the dungeon, and saw 1 of its levels.

You collected 40 gold pieces.

Inventory:

Armour
 a - a +0 animal skin (worn)
Talismans
 c - a beast talisman
 d - a flux talisman
Potions
 b - a potion of lignification
 e - a potion of invisibility {unknown}
 f - 2 potions of heal wounds {unknown}


   Skills:
 + Level 0.7 Fighting
 + Level 1.7 Dodging
 + Level 3.1 Unarmed Combat
 + Level 3.1 Shapeshifting


You couldn't memorise any spells.
You didn't know any spells.
Your spell library contained the following spells:

 Spells                   Type           Power      Damage    Failure   Level
 Kiss of Death            Conj/Necr      0%         2d5       45%         1
 Confusing Touch          Hex            0%         N/A       83%         3
 Dispel Undead            Necr           0%         3d6       99%         4


Dungeon Overview and Level Annotations

Branches:
Dungeon (1/15)

Altars:


Innate Abilities, Weirdness & Mutations

You are a hulking beast.
Your limbs bulge with bestial killing power. (Slay +1)
You are too large for most types of armour.
You have claws for hands.
Your natural rate of healing is unusually fast.
You are covered in fur. (AC +1)
You have tough skin. (AC +1)


Message History

You scratch the ball python.
You kill the ball python!
There is a staircase leading out of the dungeon here.
Found 7 stones.
A bat comes into view.
You see here a staff of air.
A bat is nearby!
You claw the bat!
You kill the bat!
You see here a bat corpse.
f - 2 lumpy emerald potions You open the door.
A frilled lizard comes into view.
The frilled lizard hisses angrily.
There is an open door here.
You scratch the frilled lizard.
You kill the frilled lizard!
You open the door.
A goblin comes into view. It is wielding a +1 dagger of venom.
Found a short sword.
The goblin shouts!
A rat comes into view.
There is an open door here.
Found a stone staircase leading down.
A frilled lizard comes into view.
Found a thick glowing staff.
The goblin hits you with a +1 dagger of venom.
You are poisoned.
You feel very sick.
The goblin hits you with a +1 dagger of venom.
You are lethally poisoned!
You feel very sick.
There is an open door here.
* * * LOW HITPOINT WARNING * * *
You feel very sick.
You claw the goblin!
You kill the goblin!
* * * LOW HITPOINT WARNING * * *
You feel very sick.
You die...

...#.# .####....## #
..........#.###
#>)...........
#............. #l#.#
#...# ###r# ####h####
#.......# #.......#
#.......# ########
#.......# #......#
#######'####.#.####.####
#............#.####.....
#.######.#####....#.....
#...#......#.#.....


You could see a frilled lizard and a rat.

Vanquished Creatures
  2 bats (D:1)
  A goblin (D:1)
  2 ball pythons (D:1)
  A frilled lizard (D:1)
  A rat (D:1)
7 creatures vanquished.

Notes
Turn   | Place    | Note
-------+----------+-------------------------------------------
     0 | D:1      | Eitelfritz the Troll Shapeshifter began the quest for the
                  | Orb.
     0 | D:1      | Reached XP level 1. HP: 18/18 MP: 0/0
   221 | D:1      | Succumbed to a goblin's poison

Illustrated notes

Levels and vault maps discovered:
D:1:      giann_horns, layout_basic

Action                     || total
---------------------------++-------
  Melee: Unarmed           ||    18
 Armour: Animal skin       ||    10
  Dodge: Dodged            ||     7
